Map: Blackpink LE

Players

XionS

  • Race: Protoss Protoss
  • League: Master
  • Spawn Location: 1:00

Maplez - Winner!

  • Race: Protoss Protoss
  • League: Grandmaster
  • Spawn Location: 7:00

VOD

Have the link to the VOD?

Description

Time

  • Played on: April 6, 2018, 2:20 p.m.
  • Length: 8:52
Show
View Real Time Build Order
Export as new Build Order

XionS Protoss 

Build Orders: Cannon Rush 

Get SALT Encoding   

  12  0:00  Probe  
  13  0:12  Probe  
  14  0:17  Pylon  
  14  0:25  Probe (Chrono Boost)  
  15  0:37  Probe (Chrono Boost), Forge  
  16  0:44  Probe (Chrono Boost)  
  17  0:51  Probe  
  18  1:14  Pylon  
  18  1:15  Pylon  
  18  1:16  Pylon  
  18  1:20  Pylon  
  18  1:22  Pylon  
  18  1:33  Photon Cannon  
  18  1:50  Photon Cannon  
  18  1:53  Photon Cannon  
  17  1:58  Probe  
  18  2:02  Pylon  
  17  2:10  Probe  
  18  2:23  Probe  
  18  2:27  Gateway  
  18  2:28  Assimilator  
  19  2:35  Probe  
  20  2:51  Probe  
  21  2:58  Assimilator  
  21  3:03  Probe  
  21  3:15  Probe (Chrono Boost), Cybernetics Core  
  21  3:17  Gateway  
  23  3:27  Probe (Chrono Boost)  
  23  3:30  Nexus  
  23  3:32  Probe (Chrono Boost)  
  24  3:34  Pylon  
  24  3:42  Probe  
  24  3:47  Warp Gate (Chrono Boost)  
  25  3:59  Gateway  
  25  4:01  Gateway  
  24  4:10  Pylon  
  24  4:12  Sentry  
  24  4:14  Sentry  
  29  4:17  Probe  
  29  4:23  Shield Battery  
  29  4:32  Shield Battery  
  29  4:40  Probe  
  29  4:41  Shield Battery  
  29  4:43  Probe  
  31  4:49  Sentry  
  33  4:54  Stalker  
  33  4:57  Probe  
  36  5:00  Probe  
  37  5:12  Probe  
  38  5:14  Pylon  
  38  5:16  Probe  
  39  5:24  Probe  
  39  5:28  Probe  
  40  5:31  Stalker x2  
  42  5:44  Zealot  
  44  5:55  Zealot  
  33  6:09  Stalker  
  22  6:22  Probe (Chrono Boost)  
  22  6:23  Probe (Chrono Boost)  
  26  6:32  Probe (Chrono Boost)  
  26  6:33  Probe (Chrono Boost)  
  26  6:36  Stalker  
  26  6:38  Probe (Chrono Boost)  
  28  6:42  Probe (Chrono Boost)  
  30  6:49  Pylon  
  30  6:51  Probe (Chrono Boost)  
  33  7:02  Probe (Chrono Boost)  
  33  7:04  Probe (Chrono Boost)  
  33  7:06  Probe (Chrono Boost)  
  29  7:20  Stalker  
  29  7:21  Stalker  
  22  7:30  Stalker  
  22  7:34  Probe (Chrono Boost)  
  25  7:41  Probe (Chrono Boost)  
  26  7:46  Probe (Chrono Boost)  
  26  7:49  Probe (Chrono Boost)  
  28  7:58  Stalker  
  30  8:07  Stalker  
  30  8:23  Zealot  
  25  8:35  Probe  
  25  8:37  Probe  
Show
View Real Time Build Order
Export as new Build Order

Maplez Protoss - Winner!

Build Orders: Oracle Opening 

Get SALT Encoding   

  12  0:00  Probe  
  13  0:12  Probe  
  14  0:18  Pylon  
  14  0:24  Probe (Chrono Boost)  
  15  0:36  Probe (Chrono Boost)  
  15  0:38  Gateway  
  16  0:44  Probe (Chrono Boost)  
  16  0:46  Assimilator  
  17  0:52  Assimilator  
  17  0:53  Probe (Chrono Boost)  
  19  1:05  Probe (Chrono Boost)  
  19  1:10  Gateway  
  19  1:12  Probe (Chrono Boost)  
  20  1:19  Probe  
  21  1:31  Zealot  
  23  1:33  Cybernetics Core  
  23  1:55  Pylon  
  23  2:03  Probe  
  20  2:20  Stalker (Chrono Boost)  
  19  2:31  Pylon  
  19  2:37  Warp Gate  
  18  2:42  Pylon  
  17  2:51  Probe  
  17  2:58  Stalker (Chrono Boost)  
  20  3:11  Probe  
  21  3:15  Stargate  
  21  3:20  Shield Battery  
  21  3:37  Stalker  
  21  3:56  Probe  
  21  3:58  Oracle (Chrono Boost)  
  21  4:01  Pylon  
  25  4:08  Probe  
  26  4:22  Gateway  
  26  4:34  Oracle (Chrono Boost)  
  29  4:45  Adept  
  31  4:50  Pylon  
  31  5:06  Adept  
  33  5:11  Probe  
  34  5:19  Stalker  
  36  5:22  Shield Battery  
  36  5:37  Stalker  
  35  5:50  Stalker  
  35  6:01  Stalker  
  34  6:09  Probe, Oracle (Chrono Boost)  
  26  6:25  Stalker  
  26  6:26  Stalker  
  26  6:29  Probe  
  31  6:45  Nexus  
  31  7:01  Robotics Facility  
  24  7:30  Probe  
  24  7:32  Adept  
  24  7:33  Adept  
  25  7:40  Oracle (Chrono Boost)  
  25  7:42  Probe  
  25  7:43  Pylon  
  29  7:50  Immortal (Chrono Boost)  
  33  7:59  Shield Battery  
  33  8:02  Sentry  
  35  8:14  Stalker  
  37  8:32  Stalker  
Tags
 
Add a new tag
Caveats
  • Supply blocks, unpowered buildings, or Contaminate may cause inaccurate times.
  • Supply counts are checked every 10 seconds.